Devils vs Stars (R1)

Created - 15 janvier 2017 at 19:53

Goals
1 2 3 T
Devils 2 0 1 3
Stars 1 2 1 4
Shots
1 2 3 T
Devils 5 17 6 28
Stars 13 15 9 37

1st period

1. Stars , Scott Hartnell 12 (Ryan Getzlaf) at 8:39
2. Devils , Matt Duchene 16 (Brent Seabrook, Gabriel Landeskog) at 13:33
3. Devils , Ilya Kovalchuk 23 (Michael Frolik, Jason Spezza) at 18:30 (PP)

Penalties :
Karl Alzner (NJD) for Holding (Minor) at 11:15, Radim Vrbata (Dal) for Charging (Minor) at 13:40, Erik Karlsson (Dal) for Kneeing (Minor) at 18:12

2nd period

4. Stars , Radim Vrbata 11 (John Tavares, Patrick Marleau) at 2:28
5. Stars , John Tavares 22 (Radim Vrbata, Shaone Morrisonn) at 18:39

Penalties :
Michal Rozsival (NJD) for High sticking (Minor) at 5:22, Andrei Markov (Dal) for Roughing (Minor) at 13:40

3rd period

6. Devils , Gabriel Landeskog 3 (Vladimir Tarasenko, Matt Duchene) at 9:49
7. Stars , Chris Kunitz 3 (Michal Handzus) at 19:28

Penalties :
Patrick Marleau (Dal) for Interference (Minor) at 0:22, Johnny Oduya (Dal) for Hooking (Minor) at 4:21, Chris Kunitz (Dal) for Interference (Minor) at 7:41, Chris Mcallister (NJD) for High sticking (Minor) at 10:38, Ilya Kovalchuk (NJD) for High sticking (Minor) at 14:27, Brent Seabrook (NJD) for Goalie Interference (Minor) at 19:33

Goalie Stats

James Reimer (NJD), 33 saves from 37 shots - (0,892), L, 12-8-1, 60:00 minutes
Pascal Leclaire (Dal), 25 saves from 28 shots - (0,893), W, 14-12-0, 60:00 minutes

Players Stats for Devils

Player Name              G  A  P  +/- PIM S  H  SB GA TA FO     MP     PP MP  PK MP  
------------------------------------------------------------------------------------
Brad Richardson          0  0  0  -1  0   2  2  0  0  0  0/0     9:39   0:00   1:24 
Brent Seabrook           0  1  1   1  2   0  0  2  0  2  0/0    24:06   6:18   4:03 
Brett Maclean            0  0  0   0  0   0  0  0  0  0  0/0     7:09   0:00   0:00 
Chris Mcallister         0  0  0  -1  2   2  0  0  0  0  0/0    11:02   0:00   0:09 
Chris Phillips           0  0  0   0  0   1  3  1  0  0  0/0    17:59   6:18   0:00 
Damien Brunner           0  0  0   0  0   2  0  0  0  0  0/0     7:09   0:00   0:00 
Gabriel Landeskog        1  1  2   1  0   1  0  0  0  0  0/0    16:21   4:35   3:10 
Ilya Kovalchuk           1  0  1  -2  2   5  2  1  0  0  1/1    20:37   5:38   0:11 
Jason Spezza             0  1  1  -1  0   1  0  0  0  0  9/18   18:35   5:38   1:59 
Jay McKee                0  0  0   0  0   0  0  0  0  1  0/0    13:31   0:00   3:53 
Karl Alzner              0  0  0  -2  2   0  2  1  0  1  0/0    24:06   3:55   1:30 
Matt Duchene             1  1  2   0  0   5  2  0  0  0  11/25  19:58   4:35   0:20 
Michael Frolik           0  1  1  -1  0   2  1  0  2  0  1/4    21:10   5:38   4:46 
Michal Rozsival          0  0  0  -3  2   1  0  2  0  1  0/0    24:20   3:55   2:49 
Mike Komisarek           0  0  0   1  0   1  0  1  0  1  0/0    16:30   0:00   4:29 
Steve Ott                0  0  0   0  0   1  1  0  0  0  3/5     7:09   0:00   0:00 
Vincent Lecavalier       0  0  0  -1  0   0  0  0  0  0  5/13   12:53   0:00   4:45 
Vladimir Tarasenko       0  1  1  -1  0   4  2  0  0  0  2/4    19:19   4:35   0:00 

Players Stats for Stars

Player Name              G  A  P  +/- PIM S  H  SB GA TA FO     MP     PP MP  PK MP  
------------------------------------------------------------------------------------
Andrei Markov            0  0  0   0  2   0  2  1  0  0  0/0    21:32   3:51   5:23 
Anthony Stewart          0  0  0  -1  0   1  1  0  0  0  0/0     6:19   0:07   0:00 
Brian Lee                0  0  0   1  0   0  1  3  1  0  0/0    23:57   4:31   1:03 
Chris Kunitz             1  0  1   0  2   2  1  1  0  0  0/0    11:45   0:00   2:59 
Chris Stewart            0  0  0   0  0   3  1  0  0  0  0/0     8:41   0:07   0:00 
Erik Karlsson            0  0  0   1  2   0  4  1  0  0  0/0    24:17   4:31   1:38 
Evgeny Artyukhin         0  0  0   1  0   0  1  0  1  0  0/0    14:50   3:29   0:00 
John Tavares             1  1  2   2  0   5  3  0  2  0  19/37  21:14   4:46   1:08 
Johnny Oduya             0  0  0   0  2   1  0  5  1  0  0/0    18:07   0:00   5:18 
Marcus Kruger            0  0  0  -1  0   2  0  1  0  0  4/4     8:48   0:00   2:42 
Michal Handzus           0  1  1   0  0   1  0  0  0  0  8/12   14:02   0:07   5:17 
Patrick Marleau          0  1  1   2  2   2  2  0  1  0  0/2    23:51   4:46   4:05 
Peter Worrell            0  0  0  -1  0   0  0  1  0  1  0/0     9:58   0:00   3:52 
Radim Vrbata             1  1  2   2  2   9  1  0  0  0  0/0    19:44   4:46   0:00 
Ryan Getzlaf             0  1  1   1  0   2  1  0  0  0  6/14   14:50   3:29   0:00 
Scott Hartnell           1  0  1   1  0   4  0  0  0  1  1/1    15:17   3:29   0:23 
Shaone Morrisonn         0  1  1   1  0   2  0  0  0  0  0/0    14:19   0:00   3:32 
Trevor Daley             0  0  0   1  0   3  0  0  0  0  0/0    18:10   3:51   3:32 

3 Stars

1 - John Tavares (Dal)
2 - Matt Duchene (NJD)
3 - Gabriel Landeskog (NJD)

Power Play

Devils - 1 on 6 Attempt(s) - 16,67%
Stars - 0 on 5 Attempt(s) - 0,00%

Penalty Kill

Devils - 5 on 5 Attempt(s) - 100,00% - Score 0 goal in Penalty Kill
Stars - 5 on 6 Attempt(s) - 83,33% - Score 0 goal in Penalty Kill

Team Stat

Devils - Hits : 15 - Faceoff Wins : 32 - Blocked Shots : 8 - Penalty Minutes : 10
Stars - Hits : 18 - Faceoff Wins : 38 - Blocked Shots : 13 - Penalty Minutes : 12

Official

Referees : Ciamaga Chris and Meier Brad
Linesman : Jean Morin and Brian Mach

Game Notes

No Game Note

Finance

Level 1 -- Attendance: 5472 (91,20%) -- Ticket Income 410 400 $
Level 2 -- Attendance: 3836 (76,72%) -- Ticket Income 210 980 $
Level 3 -- Attendance: 1439 (71,95%) -- Ticket Income 50 365 $
Level 4 -- Attendance: 2965 (74,13%) -- Ticket Income 74 125 $
Luxury Box -- Attendance: 951 (95,10%) -- Ticket Income 118 875 $
Game was played at the American Airlines Center.
Total Attendance: 14663 (81,46%)
Total Ticket Income: 864 745 $
Other Income: 129 712 $
Total Income: 994 457 $

Devils

5 vs 5 Forward 
   Center                   Left Wing                Right Wing               Time % Phy DF OF 
 1 Matt Duchene             Ilya Kovalchuk           Vladimir Tarasenko       40     0   2  3  
 2 Jason Spezza             Chris Mcallister         Michael Frolik           30     0   2  3  
 3 Vincent Lecavalier       Gabriel Landeskog        Brad Richardson          20     0   2  3  
 4 Steve Ott                Brett Maclean            Damien Brunner           10     0   3  2  

5 vs 5 Defense 
   Defense                  Defense                                           Time % Phy DF OF 
 1 Michal Rozsival          Karl Alzner                                       40     1   2  2  
 2 Chris Phillips           Brent Seabrook                                    30     1   2  2  
 3 Jay McKee                Mike Komisarek                                    20     1   2  2  
 4 Brent Seabrook           Mike Komisarek                                    10     1   2  2  

PowerPlay Forward 
   Center                   Left Wing                Right Wing               Time % Phy DF OF 
 1 Jason Spezza             Ilya Kovalchuk           Michael Frolik           55     0   2  3  
 2 Matt Duchene             Gabriel Landeskog        Vladimir Tarasenko       45     0   2  3  

PowerPlay Defense
   Defense                  Defense                                           Time % Phy DF OF 
 1 Brent Seabrook           Chris Phillips                                    60     0   2  3  
 2 Karl Alzner              Michal Rozsival                                   40     0   2  3  

Penalty Kill 4 Players Forward 
   Center                   Wing                     Time % Phy DF OF 
 1 Vincent Lecavalier       Michael Frolik           60     1   2  2  
 2 Jason Spezza             Gabriel Landeskog        40     1   2  2  

Penalty Kill 4 Players Defense
   Defense                  Defense                  Time % Phy DF OF 
 1 Brent Seabrook           Mike Komisarek           60     1   2  2  
 2 Michal Rozsival          Jay McKee                40     1   2  2  

Penalty Kill - 3 Players Forward 
   Forward                                           Time % Phy DF OF 
 1 Ilya Kovalchuk                                    60     1   2  2  
 2 Vincent Lecavalier                                40     1   2  2  

Penalty Kill - 3 Players Defense
   Defense                  Defense                  Time % Phy DF OF 
 1 Michal Rozsival          Jay McKee                60     1   2  2  
 2 Mike Komisarek           Brent Seabrook           40     1   2  2  

4 vs 4 Forward 
   Center                   Wing                     Time % Phy DF OF 
 1 Jason Spezza             Michael Frolik           60     1   2  2  
 2 Matt Duchene             Ilya Kovalchuk           40     1   2  2  

4 vs 4 Defense
   Defense                  Defense                  Time % Phy DF OF 
 1 Michal Rozsival          Brent Seabrook           60     1   2  2  
 2 Mike Komisarek           Jay McKee                40     1   2  2  

Last Minutes Offensive
   Center                   Left Wing                Right Wing               Defense                  Defense                  
   Jason Spezza             Ilya Kovalchuk           Michael Frolik           Brent Seabrook           Michal Rozsival          

Last Minutes Defensive
   Center                   Left Wing                Right Wing               Defense                  Defense                  
   Jason Spezza             Ilya Kovalchuk           Michael Frolik           Michal Rozsival          Brent Seabrook           

Goaltenders
Starting : James Reimer             
Backup : Frederik Andersen        

Extra Forwards
Normal : Vincent Lecavalier, Steve Ott, Brad Richardson - PP : Matt Duchene, Steve Ott - PK : Brad Richardson
Extra Defensemen
Normal : Brent Seabrook, Karl Alzner, Michal Rozsival - PP : Chris Phillips - PK : Karl Alzner, Brent Seabrook
Penalty Shots
Ilya Kovalchuk, Vincent Lecavalier, Jason Spezza, Michael Frolik, Matt Duchene

Stars

5 vs 5 Forward 
   Center                   Left Wing                Right Wing               Time % Phy DF OF 
 1 John Tavares             Patrick Marleau          Radim Vrbata             40     1   2  2  
 2 Ryan Getzlaf             Scott Hartnell           Evgeny Artyukhin         30     1   2  2  
 3 Michal Handzus           Chris Kunitz             Chris Stewart            20     1   2  2  
 4 Marcus Kruger            Peter Worrell            Anthony Stewart          10     1   2  2  

5 vs 5 Defense 
   Defense                  Defense                                           Time % Phy DF OF 
 1 Brian Lee                Erik Karlsson                                     40     1   2  2  
 2 Andrei Markov            Johnny Oduya                                      30     1   2  2  
 3 Shaone Morrisonn         Trevor Daley                                      20     1   2  2  
 4 Shaone Morrisonn         Trevor Daley                                      10     1   2  2  

PowerPlay Forward 
   Center                   Left Wing                Right Wing               Time % Phy DF OF 
 1 John Tavares             Patrick Marleau          Radim Vrbata             60     1   2  2  
 2 Ryan Getzlaf             Scott Hartnell           Evgeny Artyukhin         40     1   2  2  

PowerPlay Defense
   Defense                  Defense                                           Time % Phy DF OF 
 1 Brian Lee                Erik Karlsson                                     60     1   2  2  
 2 Trevor Daley             Andrei Markov                                     40     1   2  2  

Penalty Kill 4 Players Forward 
   Center                   Wing                     Time % Phy DF OF 
 1 Michal Handzus           Patrick Marleau          60     1   2  2  
 2 Marcus Kruger            Peter Worrell            40     1   2  2  

Penalty Kill 4 Players Defense
   Defense                  Defense                  Time % Phy DF OF 
 1 Andrei Markov            Johnny Oduya             60     1   2  2  
 2 Shaone Morrisonn         Trevor Daley             40     1   2  2  

Penalty Kill - 3 Players Forward 
   Forward                                           Time % Phy DF OF 
 1 John Tavares                                      60     1   2  2  
 2 Patrick Marleau                                   40     1   2  2  

Penalty Kill - 3 Players Defense
   Defense                  Defense                  Time % Phy DF OF 
 1 Brian Lee                Johnny Oduya             60     1   2  2  
 2 Trevor Daley             Andrei Markov            40     1   2  2  

4 vs 4 Forward 
   Center                   Wing                     Time % Phy DF OF 
 1 John Tavares             Patrick Marleau          60     1   2  2  
 2 Peter Worrell            Scott Hartnell           40     1   2  2  

4 vs 4 Defense
   Defense                  Defense                  Time % Phy DF OF 
 1 Brian Lee                Johnny Oduya             60     1   2  2  
 2 Trevor Daley             Andrei Markov            40     1   2  2  

Last Minutes Offensive
   Center                   Left Wing                Right Wing               Defense                  Defense                  
   John Tavares             Patrick Marleau          Radim Vrbata             Brian Lee                Johnny Oduya             

Last Minutes Defensive
   Center                   Left Wing                Right Wing               Defense                  Defense                  
   John Tavares             Patrick Marleau          Radim Vrbata             Brian Lee                Johnny Oduya             

Goaltenders
Starting : Pascal Leclaire          
Backup : Miika Kiprusoff          

Extra Forwards
Normal : Chris Stewart, Michal Handzus, Chris Kunitz - PP : Chris Stewart, Michal Handzus - PK : Chris Kunitz
Extra Defensemen
Normal : Shaone Morrisonn, Erik Karlsson, Trevor Daley - PP : Shaone Morrisonn - PK : Erik Karlsson, Trevor Daley
Penalty Shots
John Tavares, Patrick Marleau, Peter Worrell, Scott Hartnell, Ryan Getzlaf

% Time on Ice - Devils

Lines # - Real PCT - Wanted PCT - Time Play
Normal Forward
1 - 37% - 40% - 15:06
2 - 26% - 30% - 10:57
3 - 20% - 20% - 8:08
4 - 17% - 10% - 7:09
Normal Defense
1 - 41% - 40% - 16:46
2 - 31% - 30% - 12:56
3 - 23% - 20% - 9:27
4 - 5% - 10% - 2:11
PP Forward
1 - 55% - 55% - 5:38
2 - 45% - 45% - 4:35
PP Defense
1 - 62% - 60% - 6:18
2 - 38% - 40% - 3:55
PK Forward
1 - 76% - 60% - 6:23
2 - 24% - 40% - 1:59
PK Defense
1 - 54% - 60% - 4:29
2 - 46% - 40% - 3:53
PK3 Forward
1 - 0% - 60%
2 - 0% - 40%
PK3 Defense
1 - 0% - 60%
2 - 0% - 40%
44 Forward
1 - 0% - 60%
2 - 0% - 40%
44 Defense
1 - 0% - 60%
2 - 0% - 40%
Last Minute Offensive  - 0:05
Last Minute Defensive  - 0:00
Total
Forward - 60:00
Defense - 60:00

% Time on Ice - Stars

Lines # - Real PCT - Wanted PCT - Time Play
Normal Forward
1 - 38% - 40% - 15:42
2 - 28% - 30% - 11:30
3 - 20% - 20% - 8:15
4 - 14% - 10% - 5:53
Normal Defense
1 - 44% - 40% - 18:20
2 - 31% - 30% - 13:00
3 - 18% - 20% - 7:33
4 - 6% - 10% - 2:27
PP Forward
1 - 58% - 60% - 4:53
2 - 42% - 40% - 3:29
PP Defense
1 - 54% - 60% - 4:31
2 - 46% - 40% - 3:51
PK Forward
1 - 77% - 60% - 7:54
2 - 23% - 40% - 2:19
PK Defense
1 - 65% - 60% - 6:41
2 - 35% - 40% - 3:32
PK3 Forward
1 - 0% - 60%
2 - 0% - 40%
PK3 Defense
1 - 0% - 60%
2 - 0% - 40%
44 Forward
1 - 0% - 60%
2 - 0% - 40%
44 Defense
1 - 0% - 60%
2 - 0% - 40%
Last Minute Offensive  - 0:00
Last Minute Defensive  - 0:05
Total
Forward - 60:00
Defense - 60:00

Play by Play

1st period


0:01 of 1st period - John Tavares wins face-off versus Vladimir Tarasenko in neutral zone.
1:33 of 1st period - Ilya Kovalchuk is hit by John Tavares and loses puck.
2:04 of 1st period - Off-side.
2:05 of 1st period - Michal Handzus wins face-off versus Vincent Lecavalier in neutral zone.
2:32 of 1st period - Karl Alzner is hit by Patrick Marleau and loses puck.
2:59 of 1st period - Chris Mcallister is hit by Erik Karlsson and loses puck.
3:38 of 1st period - Snap shot by Chris Stewart.
3:38 of 1st period - Stopped by James Reimer with a rebound.
4:32 of 1st period - Wrist shot by Anthony Stewart.
4:32 of 1st period - Stopped by James Reimer with a rebound.
4:34 of 1st period - Slapshot by Johnny Oduya.
4:34 of 1st period - Deflect By Jason Spezza.
4:34 of 1st period - Stopped by James Reimer with a rebound.
4:44 of 1st period - Wrist shot by John Tavares.
4:44 of 1st period - Stopped by James Reimer without a rebound.
4:45 of 1st period - John Tavares wins face-off versus Steve Ott in Devils zone.
4:48 of 1st period - Snap shot by Radim Vrbata.
4:48 of 1st period - Stopped by James Reimer without a rebound.
4:49 of 1st period - John Tavares wins face-off versus Steve Ott in Devils zone.
5:52 of 1st period - Snap shot by John Tavares.
5:52 of 1st period - Stopped by James Reimer with a rebound.
5:54 of 1st period - Snap shot by Patrick Marleau.
5:54 of 1st period - Stopped by James Reimer without a rebound.
5:55 of 1st period - Matt Duchene wins face-off versus Ryan Getzlaf in Devils zone.
6:12 of 1st period - Snap shot by Matt Duchene.
6:12 of 1st period - Stopped by Pascal Leclaire without a rebound.
6:13 of 1st period - Michal Handzus wins face-off versus Michael Frolik in Stars zone.
7:51 of 1st period - Wrist shot by Brett Maclean.
7:51 of 1st period - Shot Blocked by Johnny Oduya.
8:07 of 1st period - Snap shot by Ilya Kovalchuk.
8:07 of 1st period - Deflect By Matt Duchene.
8:07 of 1st period - Shot Blocked by Johnny Oduya.
8:07 of 1st period - Puck is out of play.
8:08 of 1st period - John Tavares wins face-off versus Matt Duchene in Stars zone.
8:15 of 1st period - Backhand shot by Ilya Kovalchuk.
8:15 of 1st period - Stopped by Pascal Leclaire with a rebound.
8:39 of 1st period - Snap shot by Scott Hartnell.
8:39 of 1st period - Goal by Scott Hartnell - Devils : 0 - Stars : 1.
8:40 of 1st period - Matt Duchene wins face-off versus John Tavares in neutral zone.
8:45 of 1st period - Slapshot by Vladimir Tarasenko.
8:45 of 1st period - Shot Misses the Net.
9:06 of 1st period - Trevor Daley is hit by Chris Phillips.
9:12 of 1st period - Snap shot by Jason Spezza.
9:12 of 1st period - Shot Misses the Net.
9:28 of 1st period - Michal Handzus is hit by Karl Alzner and loses puck.
9:39 of 1st period - Snap shot by Vincent Lecavalier.
9:39 of 1st period - Shot Misses the Net.
9:49 of 1st period - Jay McKee is hit by Erik Karlsson and loses puck.
10:00 of 1st period - Slapshot by Marcus Kruger.
10:00 of 1st period - Stopped by James Reimer without a rebound.
10:01 of 1st period - John Tavares wins face-off versus Matt Duchene in Devils zone.
10:02 of 1st period - Slapshot by Radim Vrbata.
10:02 of 1st period - Stopped by James Reimer with a rebound.
10:27 of 1st period - Evgeny Artyukhin is hit by Chris Phillips and loses puck.
10:33 of 1st period - Off-side.
10:34 of 1st period - Jason Spezza wins face-off versus Ryan Getzlaf in neutral zone.
11:15 of 1st period - Minor Penalty to Karl Alzner for Holding.
11:16 of 1st period - John Tavares wins face-off versus Vincent Lecavalier in Devils zone.
13:15 of 1st period - Penalty to Karl Alzner is over, Karl Alzner is back on ice.
13:33 of 1st period - Wrist shot by Matt Duchene.
13:33 of 1st period - Goal by Matt Duchene - Devils : 1 - Stars : 1.
13:34 of 1st period - Matt Duchene wins face-off versus John Tavares in neutral zone.
13:40 of 1st period - Minor Penalty to Radim Vrbata for Charging.
13:41 of 1st period - Michal Handzus wins face-off versus Jason Spezza in Stars zone.
13:54 of 1st period - Slapshot by Andrei Markov.
13:54 of 1st period - Shot Blocked by Chris Phillips.
15:40 of 1st period - Penalty to Radim Vrbata is over, Radim Vrbata is back on ice.
16:09 of 1st period - Snap shot by Marcus Kruger.
16:09 of 1st period - Shot Misses the Net.
16:11 of 1st period - Wrist shot by Peter Worrell.
16:11 of 1st period - Shot Misses the Net.
16:13 of 1st period - Slapshot by Shaone Morrisonn.
16:13 of 1st period - Stopped by James Reimer without a rebound.
16:14 of 1st period - Marcus Kruger wins face-off versus Vincent Lecavalier in Devils zone.
16:17 of 1st period - Slapshot by Marcus Kruger.
16:17 of 1st period - Deflect By Peter Worrell.
16:17 of 1st period - Shot Misses the Net.
16:17 of 1st period - Puck is out of play.
16:18 of 1st period - Vincent Lecavalier wins face-off versus John Tavares in Devils zone.
16:45 of 1st period - Ilya Kovalchuk is hit by Evgeny Artyukhin and loses puck.
17:23 of 1st period - Slapshot by Mike Komisarek.
17:23 of 1st period - Shot Blocked by Andrei Markov.
17:25 of 1st period - Slapshot by Jay McKee.
17:25 of 1st period - Shot Blocked by Johnny Oduya.
17:33 of 1st period - Mike Komisarek is hit by Andrei Markov and loses puck.
17:48 of 1st period - Wrist shot by Scott Hartnell.
17:48 of 1st period - Stopped by James Reimer without a rebound.
17:49 of 1st period - Matt Duchene wins face-off versus Ryan Getzlaf in Devils zone.
18:05 of 1st period - Erik Karlsson is hit by Matt Duchene and loses puck.
18:12 of 1st period - Minor Penalty to Erik Karlsson for Kneeing.
18:13 of 1st period - Michal Handzus wins face-off versus Jason Spezza in Stars zone.
18:13 of 1st period - Michal Handzus is hit by Michael Frolik.
18:18 of 1st period - Off-side.
18:19 of 1st period - Jason Spezza wins face-off versus Michal Handzus in neutral zone.
18:30 of 1st period - Wrist shot by Ilya Kovalchuk.
18:30 of 1st period - Goal by Ilya Kovalchuk - Devils : 2 - Stars : 1.
18:31 of 1st period - John Tavares wins face-off versus Matt Duchene in neutral zone.
18:38 of 1st period - Snap shot by Radim Vrbata.
18:38 of 1st period - Stopped by James Reimer with a rebound.
18:58 of 1st period - Scott Hartnell is hit by Chris Phillips and loses puck.
19:19 of 1st period - Wrist shot by Peter Worrell.
19:19 of 1st period - Shot Misses the Net.
19:27 of 1st period - Wrist shot by Peter Worrell.
19:27 of 1st period - Shot Misses the Net.
19:47 of 1st period - Snap shot by Damien Brunner.
19:47 of 1st period - Stopped by Pascal Leclaire without a rebound.
19:48 of 1st period - Ilya Kovalchuk wins face-off versus John Tavares in Stars zone.
Goals for this period are 2 for Devils vs 1 for Stars.
Shots for this period are 5 for Devils vs 13 for Stars.

2nd period


0:01 of 2nd period - Matt Duchene wins face-off versus John Tavares in neutral zone.
0:10 of 2nd period - Slapshot by Ilya Kovalchuk.
0:10 of 2nd period - Stopped by Pascal Leclaire with a rebound.
0:55 of 2nd period - Wrist shot by Vincent Lecavalier.
0:55 of 2nd period - Deflect By Gabriel Landeskog.
0:55 of 2nd period - Shot Misses the Net.
0:55 of 2nd period - Puck is out of play.
0:56 of 2nd period - John Tavares wins face-off versus Matt Duchene in Stars zone.
1:07 of 2nd period - Snap shot by John Tavares.
1:07 of 2nd period - Shot Misses the Net.
1:09 of 2nd period - Wrist shot by Shaone Morrisonn.
1:09 of 2nd period - Stopped by James Reimer with a rebound.
1:11 of 2nd period - Backhand shot by Shaone Morrisonn.
1:11 of 2nd period - Shot Misses the Net.
1:13 of 2nd period - Wrist shot by Radim Vrbata.
1:13 of 2nd period - Stopped by James Reimer with a rebound.
2:26 of 2nd period - Slapshot by John Tavares.
2:26 of 2nd period - Shot Misses the Net.
2:28 of 2nd period - Snap shot by Radim Vrbata.
2:28 of 2nd period - Goal by Radim Vrbata - Devils : 2 - Stars : 2.
2:29 of 2nd period - John Tavares wins face-off versus Matt Duchene in neutral zone.
3:07 of 2nd period - Wrist shot by Vincent Lecavalier.
3:07 of 2nd period - Shot Misses the Net.
4:07 of 2nd period - Slapshot by Brent Seabrook.
4:07 of 2nd period - Shot Blocked by Marcus Kruger.
4:26 of 2nd period - Brett Maclean is hit by Ryan Getzlaf and loses puck.
5:22 of 2nd period - Minor Penalty to Michal Rozsival for High sticking.
5:23 of 2nd period - Vincent Lecavalier wins face-off versus John Tavares in Devils zone.
5:23 of 2nd period - Vincent Lecavalier is hit by John Tavares.
5:39 of 2nd period - Snap shot by Radim Vrbata.
5:39 of 2nd period - Stopped by James Reimer without a rebound.
5:40 of 2nd period - Vincent Lecavalier wins face-off versus John Tavares in Devils zone.
6:59 of 2nd period - Icing by Trevor Daley.
7:00 of 2nd period - Ryan Getzlaf wins face-off versus Vincent Lecavalier in Stars zone.
7:22 of 2nd period - Penalty to Michal Rozsival is over, Michal Rozsival is back on ice.
7:28 of 2nd period - Jay McKee is hit by Erik Karlsson and loses puck.
7:37 of 2nd period - Wrist shot by Jason Spezza.
7:37 of 2nd period - Stopped by Pascal Leclaire without a rebound.
7:38 of 2nd period - Vladimir Tarasenko wins face-off versus John Tavares in Stars zone.
7:43 of 2nd period - Wrist shot by Ilya Kovalchuk.
7:43 of 2nd period - Shot Misses the Net.
7:51 of 2nd period - Wrist shot by Matt Duchene.
7:51 of 2nd period - Shot Misses the Net.
7:55 of 2nd period - Snap shot by Matt Duchene.
7:55 of 2nd period - Shot Blocked by Johnny Oduya.
8:51 of 2nd period - Icing by Scott Hartnell.
8:52 of 2nd period - Vincent Lecavalier wins face-off versus Ryan Getzlaf in Stars zone.
8:53 of 2nd period - Snap shot by Brad Richardson.
8:53 of 2nd period - Stopped by Pascal Leclaire with a rebound.
9:12 of 2nd period - Off-side.
9:13 of 2nd period - Matt Duchene wins face-off versus John Tavares in neutral zone.
9:20 of 2nd period - Wrist shot by Matt Duchene.
9:20 of 2nd period - Shot Misses the Net.
9:24 of 2nd period - Snap shot by Ilya Kovalchuk.
9:24 of 2nd period - Stopped by Pascal Leclaire without a rebound.
9:25 of 2nd period - Matt Duchene wins face-off versus John Tavares in Stars zone.
9:40 of 2nd period - Wrist shot by John Tavares.
9:40 of 2nd period - Stopped by James Reimer without a rebound.
9:41 of 2nd period - Ryan Getzlaf wins face-off versus Jason Spezza in Devils zone.
9:50 of 2nd period - Snap shot by Michael Frolik.
9:50 of 2nd period - Stopped by Pascal Leclaire without a rebound.
9:51 of 2nd period - Ryan Getzlaf wins face-off versus Jason Spezza in Stars zone.
10:04 of 2nd period - Wrist shot by Scott Hartnell.
10:04 of 2nd period - Stopped by James Reimer without a rebound.
10:05 of 2nd period - John Tavares wins face-off versus Matt Duchene in Devils zone.
10:37 of 2nd period - Snap shot by Ryan Getzlaf.
10:37 of 2nd period - Stopped by James Reimer with a rebound.
10:57 of 2nd period - Wrist shot by Shaone Morrisonn.
10:57 of 2nd period - Shot Blocked by Brent Seabrook.
11:05 of 2nd period - Wrist shot by Michal Handzus.
11:05 of 2nd period - Deflect By Chris Stewart.
11:05 of 2nd period - Shot Blocked by Brent Seabrook.
11:05 of 2nd period - Puck is out of play.
11:06 of 2nd period - Matt Duchene wins face-off versus John Tavares in Devils zone.
11:15 of 2nd period - Wrist shot by Matt Duchene.
11:15 of 2nd period - Stopped by Pascal Leclaire with a rebound.
11:17 of 2nd period - Slapshot by Karl Alzner.
11:17 of 2nd period - Shot Misses the Net.
11:19 of 2nd period - Snap shot by Ilya Kovalchuk.
11:19 of 2nd period - Stopped by Pascal Leclaire without a rebound.
11:20 of 2nd period - John Tavares wins face-off versus Matt Duchene in Stars zone.
11:35 of 2nd period - Wrist shot by Matt Duchene.
11:35 of 2nd period - Stopped by Pascal Leclaire without a rebound.
11:36 of 2nd period - Ryan Getzlaf wins face-off versus Michael Frolik in Stars zone.
12:01 of 2nd period - Patrick Marleau is hit by Matt Duchene and loses puck.
12:22 of 2nd period - Chris Stewart is hit by Brad Richardson and loses puck.
12:30 of 2nd period - Off-side.
12:31 of 2nd period - Jason Spezza wins face-off versus Ryan Getzlaf in neutral zone.
12:46 of 2nd period - Wrist shot by Michael Frolik.
12:46 of 2nd period - Stopped by Pascal Leclaire without a rebound.
12:47 of 2nd period - John Tavares wins face-off versus Matt Duchene in Stars zone.
12:47 of 2nd period - John Tavares is hit by Vladimir Tarasenko.
13:20 of 2nd period - Snap shot by Michael Frolik.
13:20 of 2nd period - Deflect By Chris Mcallister.
13:20 of 2nd period - Stopped by Pascal Leclaire without a rebound.
13:21 of 2nd period - John Tavares wins face-off versus Michael Frolik in Stars zone.
13:26 of 2nd period - Wrist shot by Radim Vrbata.
13:26 of 2nd period - Stopped by James Reimer without a rebound.
13:27 of 2nd period - Jason Spezza wins face-off versus John Tavares in Devils zone.
13:40 of 2nd period - Minor Penalty to Andrei Markov for Roughing.
13:41 of 2nd period - Michal Handzus wins face-off versus Jason Spezza in Stars zone.
13:52 of 2nd period - Wrist shot by Michael Frolik.
13:52 of 2nd period - Shot Blocked by Johnny Oduya.
13:54 of 2nd period - Snap shot by Jason Spezza.
13:54 of 2nd period - Shot Misses the Net.
13:56 of 2nd period - Snap shot by Jason Spezza.
13:56 of 2nd period - Shot Misses the Net.
13:58 of 2nd period - Slapshot by Chris Phillips.
13:58 of 2nd period - Stopped by Pascal Leclaire with a rebound.
15:40 of 2nd period - Penalty to Andrei Markov is over, Andrei Markov is back on ice.
15:48 of 2nd period - Off-side.
15:49 of 2nd period - Steve Ott wins face-off versus Ryan Getzlaf in neutral zone.
15:54 of 2nd period - Slapshot by Damien Brunner.
15:54 of 2nd period - Stopped by Pascal Leclaire with a rebound.
15:56 of 2nd period - Wrist shot by Steve Ott.
15:56 of 2nd period - Stopped by Pascal Leclaire with a rebound.
15:58 of 2nd period - Backhand shot by Mike Komisarek.
15:58 of 2nd period - Stopped by Pascal Leclaire without a rebound.
15:59 of 2nd period - Steve Ott wins face-off versus Patrick Marleau in Stars zone.
16:30 of 2nd period - Slapshot by Evgeny Artyukhin.
16:30 of 2nd period - Shot Hit the Post.
16:32 of 2nd period - Wrist shot by Trevor Daley.
16:32 of 2nd period - Stopped by James Reimer with a rebound.
16:34 of 2nd period - Snap shot by Ryan Getzlaf.
16:34 of 2nd period - Shot Hit the Post.
16:50 of 2nd period - Jay McKee is hit by Chris Kunitz and loses puck.
17:18 of 2nd period - Wrist shot by Jason Spezza.
17:18 of 2nd period - Shot Blocked by Erik Karlsson.
17:20 of 2nd period - Slapshot by Michal Rozsival.
17:20 of 2nd period - Shot Misses the Net.
17:27 of 2nd period - Snap shot by Michal Rozsival.
17:27 of 2nd period - Stopped by Pascal Leclaire with a rebound.
17:29 of 2nd period - Slapshot by Chris Mcallister.
17:29 of 2nd period - Shot Misses the Net.
17:31 of 2nd period - Snap shot by Michael Frolik.
17:31 of 2nd period - Deflect By Chris Mcallister.
17:31 of 2nd period - Stopped by Pascal Leclaire without a rebound.
17:32 of 2nd period - Ryan Getzlaf wins face-off versus Matt Duchene in Stars zone.
17:49 of 2nd period - Snap shot by Ilya Kovalchuk.
17:49 of 2nd period - Shot Misses the Net.
18:07 of 2nd period - Slapshot by Chris Stewart.
18:07 of 2nd period - Stopped by James Reimer with a rebound.
18:09 of 2nd period - Slapshot by Michal Handzus.
18:09 of 2nd period - Deflect By Chris Kunitz.
18:09 of 2nd period - Stopped by James Reimer without a rebound.
18:10 of 2nd period - Matt Duchene wins face-off versus John Tavares in Devils zone.
18:19 of 2nd period - Slapshot by Matt Duchene.
18:19 of 2nd period - Stopped by Pascal Leclaire without a rebound.
18:20 of 2nd period - John Tavares wins face-off versus Matt Duchene in Stars zone.
18:29 of 2nd period - Snap shot by Radim Vrbata.
18:29 of 2nd period - Stopped by James Reimer with a rebound.
18:31 of 2nd period - Slapshot by Shaone Morrisonn.
18:31 of 2nd period - Shot Blocked by Michal Rozsival.
18:33 of 2nd period - Backhand shot by Radim Vrbata.
18:33 of 2nd period - Shot Misses the Net.
18:35 of 2nd period - Wrist shot by John Tavares.
18:35 of 2nd period - Stopped by James Reimer with a rebound.
18:37 of 2nd period - Snap shot by Radim Vrbata.
18:37 of 2nd period - Shot Blocked by Michal Rozsival.
18:39 of 2nd period - Slapshot by John Tavares.
18:39 of 2nd period - Goal by John Tavares - Devils : 2 - Stars : 3.
18:40 of 2nd period - Vladimir Tarasenko wins face-off versus John Tavares in neutral zone.
18:43 of 2nd period - Radim Vrbata is hit by Ilya Kovalchuk and loses puck.
18:50 of 2nd period - Michal Rozsival is hit by Patrick Marleau.
19:13 of 2nd period - Snap shot by Michal Handzus.
19:13 of 2nd period - Stopped by James Reimer without a rebound.
19:14 of 2nd period - Jason Spezza wins face-off versus Ryan Getzlaf in Devils zone.
19:41 of 2nd period - Johnny Oduya is hit by Brad Richardson and loses puck.
Goals for this period are 0 for Devils vs 2 for Stars.
Shots for this period are 17 for Devils vs 15 for Stars.

3rd period


0:01 of 3rd period - Matt Duchene wins face-off versus John Tavares in neutral zone.
0:04 of 3rd period - Snap shot by Vladimir Tarasenko.
0:04 of 3rd period - Stopped by Pascal Leclaire with a rebound.
0:06 of 3rd period - Slapshot by Karl Alzner.
0:06 of 3rd period - Shot Misses the Net.
0:16 of 3rd period - Snap shot by Ilya Kovalchuk.
0:16 of 3rd period - Shot Misses the Net.
0:22 of 3rd period - Minor Penalty to Patrick Marleau for Interference.
0:23 of 3rd period - Jason Spezza wins face-off versus Michal Handzus in Stars zone.
0:27 of 3rd period - Slapshot by Michael Frolik.
0:27 of 3rd period - Shot Misses the Net.
2:07 of 3rd period - Snap shot by Scott Hartnell.
2:07 of 3rd period - Stopped by James Reimer without a rebound.
2:08 of 3rd period - Scott Hartnell wins face-off versus Jason Spezza in Devils zone.
2:22 of 3rd period - Penalty to Patrick Marleau is over, Patrick Marleau is back on ice.
2:31 of 3rd period - Wrist shot by Radim Vrbata.
2:31 of 3rd period - Stopped by James Reimer without a rebound.
2:32 of 3rd period - Steve Ott wins face-off versus Patrick Marleau in Devils zone.
2:32 of 3rd period - Steve Ott is hit by John Tavares.
2:58 of 3rd period - Chris Phillips is hit by Brian Lee and loses puck.
3:23 of 3rd period - Chris Kunitz is hit by Ilya Kovalchuk and loses puck.
3:34 of 3rd period - Snap shot by Matt Duchene.
3:34 of 3rd period - Deflect By Vladimir Tarasenko.
3:34 of 3rd period - Shot Blocked by Chris Kunitz.
3:34 of 3rd period - Puck is out of play.
3:35 of 3rd period - Jason Spezza wins face-off versus John Tavares in Stars zone.
4:21 of 3rd period - Minor Penalty to Johnny Oduya for Hooking.
4:22 of 3rd period - Jason Spezza wins face-off versus Michal Handzus in Stars zone.
6:21 of 3rd period - Penalty to Johnny Oduya is over, Johnny Oduya is back on ice.
6:48 of 3rd period - Icing by Vincent Lecavalier.
6:49 of 3rd period - Ryan Getzlaf wins face-off versus Vincent Lecavalier in Devils zone.
6:56 of 3rd period - Snap shot by Ryan Getzlaf.
6:56 of 3rd period - Shot Misses the Net.
6:58 of 3rd period - Slapshot by Erik Karlsson.
6:58 of 3rd period - Shot Blocked by Mike Komisarek.
7:00 of 3rd period - Snap shot by Ryan Getzlaf.
7:00 of 3rd period - Stopped by James Reimer without a rebound.
7:01 of 3rd period - Matt Duchene wins face-off versus John Tavares in Devils zone.
7:12 of 3rd period - Snap shot by Matt Duchene.
7:12 of 3rd period - Shot Misses the Net.
7:38 of 3rd period - Snap shot by Brad Richardson.
7:38 of 3rd period - Stopped by Pascal Leclaire without a rebound.
7:39 of 3rd period - Michal Handzus wins face-off versus Matt Duchene in Stars zone.
7:41 of 3rd period - Minor Penalty to Chris Kunitz for Interference.
7:42 of 3rd period - Michal Handzus wins face-off versus Jason Spezza in Stars zone.
8:18 of 3rd period - Slapshot by Brent Seabrook.
8:18 of 3rd period - Deflect By Vladimir Tarasenko.
8:18 of 3rd period - Stopped by Pascal Leclaire without a rebound.
8:19 of 3rd period - Jason Spezza wins face-off versus Michal Handzus in Stars zone.
9:16 of 3rd period - Slapshot by Johnny Oduya.
9:16 of 3rd period - Deflect By Marcus Kruger.
9:16 of 3rd period - Shot Misses the Net.
9:16 of 3rd period - Puck is out of play.
9:17 of 3rd period - Marcus Kruger wins face-off versus Jason Spezza in Devils zone.
9:41 of 3rd period - Penalty to Chris Kunitz is over, Chris Kunitz is back on ice.
9:47 of 3rd period - Slapshot by Vladimir Tarasenko.
9:47 of 3rd period - Shot Blocked by Peter Worrell.
9:49 of 3rd period - Wrist shot by Gabriel Landeskog.
9:49 of 3rd period - Goal by Gabriel Landeskog - Devils : 3 - Stars : 3.
9:50 of 3rd period - John Tavares wins face-off versus Matt Duchene in neutral zone.
9:50 of 3rd period - John Tavares is hit by Vladimir Tarasenko.
9:53 of 3rd period - Brian Lee is hit by Karl Alzner and loses puck.
10:01 of 3rd period - Off-side.
10:02 of 3rd period - John Tavares wins face-off versus Matt Duchene in neutral zone.
10:16 of 3rd period - Off-side.
10:17 of 3rd period - Michael Frolik wins face-off versus Ryan Getzlaf in neutral zone.
10:26 of 3rd period - Slapshot by Brian Lee.
10:26 of 3rd period - Shot Blocked by Karl Alzner.
10:28 of 3rd period - Wrist shot by Ryan Getzlaf.
10:28 of 3rd period - Shot Misses the Net.
10:38 of 3rd period - Minor Penalty to Chris Mcallister for High sticking.
10:39 of 3rd period - Vincent Lecavalier wins face-off versus John Tavares in Devils zone.
10:39 of 3rd period - Vincent Lecavalier is hit by Radim Vrbata.
12:38 of 3rd period - Penalty to Chris Mcallister is over, Chris Mcallister is back on ice.
12:51 of 3rd period - Erik Karlsson is hit by Steve Ott and loses puck.
13:08 of 3rd period - Slapshot by Brian Lee.
13:08 of 3rd period - Shot Blocked by Ilya Kovalchuk.
13:14 of 3rd period - Wrist shot by Anthony Stewart.
13:14 of 3rd period - Shot Misses the Net.
13:16 of 3rd period - Wrist shot by Marcus Kruger.
13:16 of 3rd period - Shot Misses the Net.
13:47 of 3rd period - Damien Brunner is hit by Anthony Stewart and loses puck.
14:27 of 3rd period - Minor Penalty to Ilya Kovalchuk for High sticking.
14:28 of 3rd period - John Tavares wins face-off versus Vincent Lecavalier in Devils zone.
14:31 of 3rd period - Wrist shot by Patrick Marleau.
14:31 of 3rd period - Stopped by James Reimer with a rebound.
14:45 of 3rd period - Slapshot by Trevor Daley.
14:45 of 3rd period - Stopped by James Reimer with a rebound.
16:27 of 3rd period - Penalty to Ilya Kovalchuk is over, Ilya Kovalchuk is back on ice.
16:34 of 3rd period - Snap shot by Brad Richardson.
16:34 of 3rd period - Shot Blocked by Brian Lee.
16:36 of 3rd period - Wrist shot by Vladimir Tarasenko.
16:36 of 3rd period - Stopped by Pascal Leclaire with a rebound.
16:38 of 3rd period - Wrist shot by Ilya Kovalchuk.
16:38 of 3rd period - Shot Blocked by Brian Lee.
16:40 of 3rd period - Wrist shot by Brent Seabrook.
16:40 of 3rd period - Shot Blocked by Brian Lee.
16:42 of 3rd period - Snap shot by Vladimir Tarasenko.
16:42 of 3rd period - Stopped by Pascal Leclaire without a rebound.
16:43 of 3rd period - Marcus Kruger wins face-off versus Matt Duchene in Stars zone.
17:10 of 3rd period - Karl Alzner is hit by Andrei Markov and loses puck.
17:19 of 3rd period - Wrist shot by Chris Stewart.
17:19 of 3rd period - Stopped by James Reimer without a rebound.
17:20 of 3rd period - Michal Handzus wins face-off versus Vincent Lecavalier in Devils zone.
17:47 of 3rd period - Chris Phillips is hit by Erik Karlsson and loses puck.
18:57 of 3rd period - Slapshot by Trevor Daley.
18:57 of 3rd period - Deflect By Jay McKee.
18:57 of 3rd period - Stopped by James Reimer without a rebound.
18:58 of 3rd period - Marcus Kruger wins face-off versus Vladimir Tarasenko in Devils zone.
19:13 of 3rd period - Snap shot by Marcus Kruger.
19:13 of 3rd period - Stopped by James Reimer with a rebound.
19:23 of 3rd period - Brad Richardson is hit by Chris Stewart and loses puck.
19:28 of 3rd period - Snap shot by Chris Kunitz.
19:28 of 3rd period - Goal by Chris Kunitz - Devils : 3 - Stars : 4.
19:29 of 3rd period - John Tavares wins face-off versus Jason Spezza in neutral zone.
19:33 of 3rd period - Minor Penalty to Brent Seabrook for Goalie Interference.
19:34 of 3rd period - John Tavares wins face-off versus Vincent Lecavalier in Devils zone.
Goals for this period are 1 for Devils vs 1 for Stars.
Shots for this period are 6 for Devils vs 9 for Stars.